 Dungeon Crawl Stone Soup version 0.19-a0-1166-g02d67b9 (webtiles) character file.

30 mistymad the Firebug (level 2, 0/20 HPs)
             Began as a Demigod Fire Elementalist on Aug 14, 2016.
             Succumbed to a gnoll's poison
             ... on level 2 of the Dungeon.
             The game lasted 00:03:59 (1255 turns).

mistymad the Firebug (Demigod Fire Elementalist)    Turns: 1255, Time: 00:03:59

Health: 0/20       AC:  3    Str: 11    XL:     2   Next: 84%
Magic:  6/7        EV: 12    Int: 19    God:
Gold:   98         SH:  0    Dex: 16    Spells: 2 memorised, 2 levels left

rFire  . . .     SeeInvis .     m - +0 dagger
rCold  . . .     Gourm    .     a - +0 robe
rNeg   . . .     Faith    .     (no shield)
rPois  .         Spirit   .     e - +0 helmet
rElec  .         Dismiss  .     (no cloak)
rCorr  .         Reflect  .     (no gloves)
MR     .....     Harm     .     (no boots)
Stlth  ++........               (no amulet)
                                (no ring)
                                (no ring)

@: lethally poisoned (0 -> -14)
A: high mp 1
a: no special abilities


You were on level 2 of the Dungeon.
You were not hungry.

You visited 1 branch of the dungeon, and saw 2 of its levels.

You collected 98 gold pieces.

Inventory:

Hand Weapons
 m - a +0 dagger (weapon)
Missiles
 j - 21 poisoned needles
 o - 37 stones (quivered)
Armour
 a - a +0 robe (worn)
 e - a +0 helmet (worn)
Scrolls
 f - a scroll of identify
 g - a scroll of magic mapping
 l - a scroll of random uselessness {unknown}
Potions
 h - a potion of haste {unknown}
 i - a potion of invisibility
 k - a potion of mutation {unknown}
 n - a potion of cure mutation {unknown}
 p - a potion of agility {unknown}
Books
 b - a book of Flames

   Spells                             Type                      Level
   a - Flame Tongue                   Conjuration/Fire             1
   b - Throw Flame                    Conjuration/Fire             2
   c - Conjure Flame                  Conjuration/Fire             3
   d - Inner Flame                    Hexes/Fire                   3
   e - Sticky Flame                   Conjuration/Fire             4
   f - Fireball                       Conjuration/Fire             5
Comestibles
 c - a bread ration
 d - 6 chunks of flesh


   Skills:
 - Level 1.7 Dodging
 - Level 1.7 Stealth
 + Level 2.2 Spellcasting
 + Level 1.8 Conjurations
 + Level 3.0 Fire Magic


You had 2 spell levels left.
You knew the following spells:

 Your Spells              Type           Power        Failure   Level  Hunger
a - Flame Tongue          Conj/Fire      ##...        8%          1    #......
b - Throw Flame           Conj/Fire      ##....       10%         2    ##.....


Dungeon Overview and Level Annotations

Branches:
Dungeon (2/15)


Innate Abilities, Weirdness & Mutations

You have an increased reservoir of magic. (+10% MP)


Message History

Aiming: Flame Tongue
Press: ? - help, Shift-Dir - straight line, f - goblin
Aim: a goblin, wielding a hunting sling The flame tongue hits the goblin.
You kill the goblin!
You now have 6/7 mp.
o - 37 stones (gained 1)
There isn't anything here!
A gnoll comes into view. It is wielding a club.
A gnoll comes into view. It is wielding a whip.
A gnoll comes into view. It is wielding a whip of venom.
The gnoll hits you with a whip of venom!
Ouch! That really hurt!
* * * LOW HITPOINT WARNING * * *
You are lethally poisoned!
Found 12 sling bullets.
Items here: ( )) † a hunting sling; an uncursed club; 12 stones; a goblin corpse You take 10 damage, and have 2/20 hp.
MASSIVE DAMAGE!!
You die...

##### #...# #)..#
#...# #...# #...##
###....# #
#######......######
#)@.....#........##
#.g.#######...####...
#.### #...# ####. .g.
######.<... #g#
...#### #( # # #
##### # ##...## #
##.....## #


You could see 3 gnolls.

Vanquished Creatures
  2 dart slugs (D:1)
  5 bats (D:1)
  A giant cockroach (D:1)
  4 goblins
  5 hobgoblins
  3 giant newts
  3 kobolds
23 creatures vanquished.

Notes
Turn   | Place    | Note
-------+----------+-------------------------------------------
     0 | D:1      | mistymad the Demigod Fire Elementalist began the quest for the Orb.
     0 | D:1      | Reached XP level 1. HP: 14/14 MP: 5/5
   112 | D:1      | Reached skill level 1 in Conjurations
   391 | D:1      | Reached XP level 2. HP: 20/20 MP: 4/7
   478 | D:1      | Learned a level 2 spell: Throw Flame
   873 | D:1      | Reached skill level 3 in Fire Magic
  1034 | D:2      | Found a hazy altar of Hepliaklqana.
  1255 | D:2      | Succumbed to a gnoll's poison

Vault maps used:
D:1:      dpeg_arrival_refuge, serial_forest, infiniplex_forest_clump_medium,
          infiniplex_forest_lined_room_, infiniplex_forest_clump_medium,
          infiniplex_forest_clump_small, infiniplex_forest_lined_3,
          infiniplex_forest_clump_curved, infiniplex_forest_lined_3,
          infiniplex_forest_clump_curved, infiniplex_forest_lined_3_way,
          infiniplex_forest_lined_room_2, grunt_decor_mini_mirrors
D:2:      lemuel_doored_altar

Skill      XL: |  1  2 |
---------------+-------+-----
Conjurations   | 1 |  1.8
Spellcasting   | 2 |  2.2
Fire Magic     | 3 |  3.0
Dodging        | |  1.7
Stealth        | |  1.7

Action                   || total
-------------------------++-------
Melee: Dagger            ||     3
       Unarmed           ||     1
 Cast: Flame Tongue      ||    38
  Use: Scroll            ||     4
  Eat: Chunk             ||     1
Armor: Robe              ||     3
Dodge: Dodged            ||     9
